 Dungeon Crawl Stone Soup version 0.21-a0-442-g848f44b (webtiles) character file.

33821 Megalobster the Covert (level 13, -16/62 (63) HPs)
             Began as a Spriggan Enchanter on Nov 15, 2017.
             Was an Elder of Makhleb.
             Demolished by theanonym's ghost (29 damage)
             ... on level 3 of the Lair of Beasts.
             The game lasted 01:30:37 (22734 turns).

Megalobster the Covert (Spriggan Enchanter)        Turns: 22734, Time: 01:30:38

HP:   -16/62 (63)   AC:  2    Str:  7    XL:     13   Next: 38%
MP:   15/26         EV: 29    Int: 18    God:    Makhleb [****..]
Gold: 665           SH:  0    Dex: 17    Spells: 6/29 levels left

rFire    + . .     SeeInvis +   b - +1 short sword (flame)
rCold    . . .     Gourm    .   (shield restricted)
rNeg     . . .     Faith    .   Q - +0 robe
rPois    .         Spirit   .   (helmet restricted)
rElec    .         Reflect  .   (no cloak)
rCorr    .         Harm     .   (gloves unavailable)
MR       ++...                  (boots unavailable)
Stlth    +++++++...             (no amulet)
HPRegen  0.20/turn              g - ring of protection from fire
MPRegen  0.20/turn              t - ring of stealth

@: very quick
A: unfitting armour, see invisible, herbivore 3, speed 3, slow metabolism 2
a: Minor Destruction, Lesser Servant of Makhleb, Major Destruction, Renounce
Religion


You were on level 3 of the Lair of Beasts.
You worshipped Makhleb.
Makhleb was greatly pleased with you.
You were not hungry.

You visited 2 branches of the dungeon, and saw 14 of its levels.
You also visited: Ice Cave.

You collected 839 gold pieces.
You spent 174 gold pieces at shops.

Inventory:

Hand Weapons
 a - a +3 dagger of venom
 b - a +1 short sword of flaming (weapon)
Missiles
 k - 26 tomahawks (quivered)
Armour
 h - +0 acid dragon scales
 Q - a +0 robe (worn)
Jewellery
 g - a ring of protection from fire (left hand)
 l - an uncursed ring of resist corrosion
 t - a ring of stealth (right hand)
 B - an uncursed ring of protection from cold
Wands
 c - a wand of flame (35/48)
 f - a wand of paralysis (4/24)
 o - a wand of confusion (35/48)
 r - a wand of iceblast (6/15)
 E - a wand of paralysis (10/24)
 I - a wand of enslavement (6/24)
 O - a wand of flame (25/48)
Scrolls
 i - 16 scrolls of teleportation
 s - 9 scrolls of remove curse
 u - a scroll of summoning {unknown}
 w - a scroll of immolation {unknown}
 x - a scroll of vulnerability {unknown}
 y - 2 scrolls of enchant weapon
 z - 4 scrolls of magic mapping
 D - 6 scrolls of recharging
 G - 2 scrolls of fear
 J - a scroll of blinking {unknown}
 M - a scroll of fog {unknown}
 N - 4 scrolls of identify
 P - a scroll of amnesia
Potions
 m - a potion of flight
 n - 2 potions of resistance
 p - 6 potions of curing
 q - 4 potions of brilliance
 A - 4 potions of berserk rage
 C - 2 potions of ambrosia
 F - a potion of agility {unknown}
 H - a potion of haste {unknown}
 L - a potion of heal wounds
Books
 j - a book of Necromancy

   Spells                             Type                      Level
   a - Pain                           Necromancy                   1
   b - Animate Skeleton               Necromancy                   1
   c - Vampiric Draining              Necromancy                   3
   d - Regeneration                   Charms/Necromancy            3
   e - Animate Dead                   Necromancy                   4
   f - Control Undead                 Necromancy                   4
 R - a book of Misfortune

   Spells                             Type                      Level
   a - Confusing Touch                Hexes                        1
   b - Confuse                        Hexes                        3
   c - Gell's Gravitas                Translocation                3
   d - Petrify                        Transmutation/Earth          4
   e - Metabolic Englaciation         Hexes/Ice                    5
   f - Yara's Violent Unravelling     Hexes/Transmutation          5
Miscellaneous
 K - a phial of floods (inert)
Comestibles
 d - 13 bread rations
 v - 12 fruits


   Skills:
 + Level 5.1 Fighting
 + Level 7.2 Short Blades
 + Level 0.9 Armour
 + Level 12.9 Dodging
 * Level 14.2 Stealth
 + Level 8.6 Spellcasting
 * Level 10.6 Hexes
 + Level 5.7 Summonings
 - Level 3.4 Translocations
 * Level 9.7 Invocations
 - Level 4.0 Evocations


You had 6 spell levels left.
You knew the following spells:

 Your Spells              Type           Power        Failure   Level  Hunger
a - Corona                Hex            #####..      1%          1    None
b - Ensorcelled Hibernat  Hex/Ice        ####..       1%          2    None
c - Confuse               Hex            #####...     1%          3    None
d - Tukima's Dance        Hex            #####...     1%          3    None
e - Dazzling Spray        Conj/Hex       ####..       3%          3    None
f - Conjure Flame         Conj/Fire      #.......     26%         3    None
g - Summon Small Mammal   Summ           ####         1%          1    None
h - Shroud of Golubria    Chrm/Tloc      ##........   7%          2    None
i - Metabolic Englaciati  Hex/Ice        ####......   28%         5    #####..


Dungeon Overview and Level Annotations

Branches:
Dungeon (11/15)            Temple (0/1) D:7            Lair (3/6) D:11
  Swamp (0/4) Lair:3        Snake (0/4) Lair:3
    Orc: D:9-12

Altars:
Cheibriados
Elyvilon
Fedhas
Gozag
Hepliaklqana
Makhleb
Nemelex Xobeh
Qazlal
Ru
Sif Muna
Uskayaw
Vehumet
Xom

Shops:
D:5 [   D:6 ?   D:10 %

Annotations:
D:3 Grinder
D:4 Autsider's ghost, amateur VSTm
Lair:3 theanonym's ghost, journeyman TrMo


Innate Abilities, Weirdness & Mutations

You are very small and have problems with some larger weapons.
You are too small for most types of armour.
You have supernaturally acute eyesight. (SInv)
You are a herbivore.
You cover ground extremely quickly.
You need consume almost no food.


Message History

Aim: theanonym's ghost (heavily damaged, chance to defeat MR: 21%) Theanonym's ghost resists with almost no effort.
Your ynoxinul hits theanonym's ghost but does no damage.
Your ynoxinul gestures.
Casting: Confuse
Confirm with . or Enter, or press ? or * to list all spells.
Aiming: Confuse
Press: ? - help, Shift-Dir - straight line, f/p - theanonym's ghost
Aim: theanonym's ghost (heavily damaged, chance to defeat MR: 21%) Theanonym's ghost resists with almost no effort.
Your ynoxinul gestures.
Casting: Confuse
Confirm with . or Enter, or press ? or * to list all spells.
Aiming: Confuse
Press: ? - help, Shift-Dir - straight line, f/p - theanonym's ghost
Aim: theanonym's ghost (heavily damaged, chance to defeat MR: 21%) Theanonym's ghost resists with almost no effort.
Theanonym's ghost closely misses you.
Your ynoxinul hits theanonym's ghost. You hit the plant but do no damage.
Theanonym's ghost hits you!!
You die...

......# ###§§##
?..$... ##§§§§#
.......## #.§.###
........#### ##..##
.........#.####...#
.........5##P#...P##
###
.##.P.#.53.53......#
##P#
##..####.##W.P####
###... ###
#####@.#..#
#####...##
##..#.###......##
###.##.....#.##
#........######
###...#####...#
##.## ##..... #..#
#...... ##.###......
#.#........


You could see theanonym's ghost, a friendly ynoxinul and a friendly ufetubus.

Vanquished Creatures
  A hydra (Lair:2)
  2 two-headed ogres (D:8)
  A wizard (D:10)
  A manticore (D:11)
  6 elephants
  A black mamba (Lair:3)
  3 spiny frogs (Lair:3)
  2 komodo dragons
  2 trolls
  11 polar bears
  A blink frog (D:11)
  7 hippogriffs
  A wraith (D:10)
  4 basilisks
  4 hogs
  A human (D:7)
  16 yaks
  A hungry ghost (D:11)
  3 water moccasins
  A soldier ant (D:11)
  An acid dragon (D:11)
  6 porcupines
  4 ice beasts
  An eye of draining (D:11)
  3 orc warriors
  4 sky beasts
  8 black bears
  3 necrophages
  5 ogres
  A phantom (D:6)
  26 wolves
  6 centaurs
  4 crocodiles
  11 bullfrogs
  2 big kobolds
  3 scorpions
  13 killer bees
  An electric eel (D:7)
  4 howler monkeys
  7 crimson imps
  A jelly (D:8)
  3 bullfrog zombies
  3 quasits
  3 orc priests (D:9)
  5 hounds
  2 bullfrog skeletons
  8 orc wizards
  An iguana (D:9)
  4 worker ants
  3 hell rats (Lair:3)
  A hound zombie (D:10)
  2 hound skeletons
  5 gnolls
  15 adders
  8 river rats (Lair:3)
  2 shadow imps (D:9)
  An ooze (D:4)
  2 adder zombies
  A worm (D:6)
  A dart slug (D:3)
  3 leopard geckos
  26 orcs
  9 bats
  6 giant cockroaches
  4 goblins
  6 hobgoblins
  8 jackals
  5 quokkas
  4 frilled lizards
  A jackal zombie (D:6)
  21 kobolds
  A quokka skeleton (D:4)
  14 rats
361 creatures vanquished.

Vanquished Creatures (collateral kills)
  2 two-headed ogres
  A death yak (Lair:3)
  4 blink frogs
  A spriggan (Lair:2)
  3 yaks (Lair:2)
  An orc warrior (D:9)
  An ice beast (D:11)
  4 wolves (Lair:2)
  A big kobold (D:9)
  A killer bee (D:11)
  An orc wizard (D:8)
  A hell rat (Lair:3)
  A shadow imp (D:11)
  7 orcs
  5 kobolds
  A rat (Lair:3)
35 creatures vanquished.

Vanquished Creatures (others)
  A dancing weapon (D:8)
  A wolf (IceCv)
  5 fungi
  4 plants (D:11)
11 creatures vanquished.

Grand Total: 407 creatures vanquished

Notes
Turn   | Place    | Note
-------+----------+-------------------------------------------
     0 | D:1      | Megalobster the Spriggan Enchanter began the quest for the Orb.
     0 | D:1      | Reached XP level 1. HP: 9/9 MP: 5/5
    76 | D:1      | You fall through a shaft!
   284 | D:1      | Reached XP level 2. HP: 13/13 MP: 6/6
   288 | D:1      | Learned a level 2 spell: Ensorcelled Hibernation
   540 | D:1      | Reached skill level 5 in Stealth
   818 | D:1      | Reached XP level 3. HP: 12/16 MP: 8/8
   823 | D:1      | Learned a level 3 spell: Confuse
  1081 | D:2      | Found an opulent altar of Gozag.
  2291 | D:3      | Noticed Grinder
  2553 | D:3      | Noticed a sky beast
  2942 | D:2      | Reached XP level 4. HP: 18/21 MP: 4/9
  2989 | D:2      | Learned a level 3 spell: Tukima's Dance
  3447 | D:3      | Reached skill level 6 in Stealth
  3447 | D:3      | Reached XP level 5. HP: 5/24 MP: 1/11
  4031 | D:3      | Killed a sky beast
  4031 | D:3      | Reached skill level 5 in Hexes
  4301 | D:4      | Reached XP level 6. HP: 28/28 MP: 6/12
  4305 | D:4      | Reached skill level 7 in Stealth
  4562 | D:4      | Found a hide-covered altar of Uskayaw.
  4566 | D:4      | Found a burning altar of Makhleb.
  4644 | D:4      | Became a worshipper of Makhleb the Destroyer
  4679 | D:4      | Noticed Autsider's ghost (amateur VSTm)
  4739 | D:4      | Found a stormy altar of Qazlal.
  4740 | D:4      | Noticed a hippogriff
  4758 | D:4      | HP: 1/28 [hippogriff (4)]
  4760 | D:4      | Killed a hippogriff
  4760 | D:4      | Reached skill level 1 in Invocations
  4760 | D:4      | Reached XP level 7. HP: 1/32 MP: 6/14
  5197 | D:4      | Reached skill level 5 in Dodging
  5223 | D:4      | Reached skill level 8 in Stealth
  5272 | D:4      | Found a sacrificial altar of Ru.
  5861 | D:5      | Entered Level 5 of the Dungeon
  5867 | D:5      | Found a shimmering altar of Xom.
  6480 | D:5      | Found Xecweantell's Antique Armour Emporium.
  6975 | D:5      | Reached XP level 8. HP: 36/36 MP: 3/16
  7982 | D:6      | Reached skill level 9 in Stealth
  7987 | D:6      | Learned a level 3 spell: Dazzling Spray
  7988 | D:6      | Found a deep blue altar of Sif Muna.
  8139 | D:6      | Reached skill level 5 in Spellcasting
  8280 | D:6      | Reached * piety under Makhleb
  8384 | D:6      | Found Vaaquzof's Magic Scroll Boutique.
  8392 | D:6      | Bought a scroll of fear for 42 gold pieces
  8392 | D:6      | Bought a scroll of teleportation for 36 gold pieces
  8392 | D:6      | Bought a scroll of identify for 24 gold pieces
  8392 | D:6      | Bought a scroll of teleportation for 36 gold pieces
  8392 | D:6      | Bought a scroll of remove curse for 36 gold pieces
  8895 | D:7      | Noticed a hippogriff
  8905 | D:7      | Killed a hippogriff
  9020 | D:7      | Reached skill level 10 in Stealth
  9154 | D:7      | Reached XP level 9. HP: 39/39 MP: 9/18
  9701 | D:7      | Found a staircase to the Ecumenical Temple.
 10092 | D:6      | Reached skill level 5 in Invocations
 10361 | D:6      | Reached skill level 5 in Short Blades
 10420 | D:7      | Reached skill level 11 in Stealth
 10505 | D:8      | Noticed a two-headed ogre
 10698 | D:8      | Reached ** piety under Makhleb
 10726 | D:8      | Noticed a two-headed ogre
 10750 | D:8      | Killed a two-headed ogre
 10750 | D:8      | Reached XP level 10. HP: 44/44 MP: 6/20
 11067 | D:8      | Noticed a two-headed ogre
 11082 | D:8      | Killed a two-headed ogre
 11207 | D:8      | Reached skill level 12 in Stealth
 11379 | D:8      | Found a snail-covered altar of Cheibriados.
 11388 | D:8      | Killed a two-headed ogre
 11795 | D:9      | Found a white marble altar of Elyvilon.
 11829 | D:9      | Found a sparkling altar of Nemelex Xobeh.
 12085 | D:9      | Reached skill level 10 in Hexes
 12512 | D:9      | Found a radiant altar of Vehumet.
 13322 | D:9      | Found a blossoming altar of Fedhas.
 13335 | D:9      | Found a hazy altar of Hepliaklqana.
 13711 | D:10     | Entered Level 10 of the Dungeon
 13862 | D:10     | Noticed a wizard
 13891 | D:10     | Killed a wizard
 13891 | D:10     | Reached skill level 13 in Stealth
 13910 | D:10     | Reached *** piety under Makhleb
 14209 | D:10     | Learned a level 3 spell: Conjure Flame
 14211 | D:10     | Learned a level 1 spell: Summon Small Mammal
 14464 | D:10     | Reached XP level 11. HP: 48/48 MP: 19/23
 14876 | D:10     | Reached skill level 1 in Fighting
 14876 | D:10     | Reached skill level 1 in Summonings
 15258 | D:10     | Found Imonkiaps's Food Emporium.
 15353 | D:11     | Reached XP level 12. HP: 57/57 MP: 24/24
 15532 | D:11     | Found a staircase to the Lair.
 15737 | D:11     | Noticed a two-headed ogre
 15763 | D:11     | Killed a two-headed ogre
 15852 | D:11     | Reached **** piety under Makhleb
 15992 | D:11     | Found a frozen archway.
 16008 | IceCv    | Entered an ice cave
 16154 | IceCv    | Reached skill level 1 in Evocations
 16937 | IceCv    | Reached skill level 5 in Summonings
 17027 | IceCv    | Noticed mortelune's ghost (journeyman MiBe)
 18235 | D:11     | Learned a level 2 spell: Shroud of Golubria
 18237 | Lair:1   | Entered Level 1 of the Lair of Beasts
 18487 | D:11     | Reached skill level 1 in Translocations
 19307 | Lair:1   | Reached XP level 13. HP: 62/62 MP: 18/26
 20757 | Lair:2   | Learned a level 5 spell: Metabolic Englaciation
 21128 | Lair:3   | Reached skill level 14 in Stealth
 21404 | Lair:2   | Reached skill level 5 in Fighting
 21749 | Lair:3   | Found a staircase to the Snake Pit.
 22559 | Lair:3   | Reached ***** piety under Makhleb
 22679 | Lair:3   | Found a staircase to the Swamp.
 22714 | Lair:3   | Noticed theanonym's ghost (journeyman TrMo)
 22734 | Lair:3   | Demolished by theanonym's ghost

Vault maps used:
D:1:      ncdulo_wetmaze
D:2:      grunt_gozag_statues
D:3:      minmay_strange_pillars, minmay_divided_ellipse, uniq_grinder
D:4:      nicolae_overflow_crystal_walls, grunt_temple_overflow_open,
          nicolae_ru_awakened_eye
D:5:      first_bread, serial_co_window_serial, co_window_of_opportunity_a,
          co_window_corner_a, co_window_paths_b, co_window_corner_a,
          co_window_paths_a, co_window_corner_a, co_window_paths_b,
          co_window_cross_4, co_window_unsneaky_path_b,
          co_window_unsneaky_path_b, co_window_paths_c, glass_columns_a,
          glass_columns_c, glass_columns_a, glass_columns_a, glass_columns_c,
          serial_shops, shop, led_xom_imps
D:6:      kennysheep_little_box, serial_shops, shop_statue
D:7:      temple_green, grunt_livestock, hex_medium, fountainhead
D:8:      old_standard_altar, st_stairs_11
D:9:      kennysheep_mini, nicolae_overflow_quartered_altars, grunt_ministairs_1
D:10:     serial_shops, shop, st_stairs_1, minmay_librarian
D:11:     minmay_lair_entry_grove, serial_co_window_serial, co_window_paths_b,
          co_window_paths_b, co_window_paths_a, co_window_of_opportunity_a,
          co_window_cross_1, co_window_broadway_a, co_window_corner_b,
          co_window_broadway_a, co_window_corner_ca, glass_columns_b,
          portal_ice_cave_entry_pillars_1, lab_entry_generic
Lair:2:   grunt_forest_stairs_clearing
Lair:3:   swamp_mist, dummy_snake_entry, kennysheep_abandoned_house
IceCv:    ice_cave_caverns_01

Skill      XL: |  1  2  3  4  5  6  7  8  9 10 11 12 13 |
---------------+----------------------------------------+-----
Stealth        | 5 6 7 8 10 11 13 14 | 14.2
Hexes          | 4 5 6 7 9 10 | 10.6
Spellcasting   | 3 4 5 6 7 8 |  8.6
Short Blades   | 2 3 4 5 6 7 |  7.2
Dodging        | 4 5 6 7 8 11 12 | 12.9
Invocations    | 1 2 4 5 7 8 9 |  9.7
Fighting       | 3 4 5 |  5.1
Summonings     | 3 5 |  5.7
Evocations     | 4 |  4.0
Translocations | 2 3 |  3.4
Armour         | |  0.9

Action                   |  1- 3 |  4- 6 |  7- 9 | 10-12 | 13-15 || total
-------------------------+-------+-------+-------+-------+-------++-------
Melee: Dagger            |   170 |    84 |   254 |   606 |       ||  1114
       Short sword       |       |       |       |    66 |   116 ||   182
Throw: Stone             |       |       |     1 |     3 |       ||     4
 Cast: Ensorcelled Hiber |    17 |    20 |    49 |    32 |    29 ||   147
       Confuse           |       |    10 |    34 |   117 |    28 ||   189
       Tukima's Dance    |       |       |     8 |    34 |       ||    42
       Dazzling Spray    |       |       |       |     5 |     3 ||     8
       Summon Small Mamm |       |       |       |       |     1 ||     1
       Shroud of Golubri |       |       |       |       |     1 ||     1
Invok: Minor Destruction |       |       |       |    21 |    63 ||    84
       Lesser Servant of |       |       |       |     4 |     7 ||    11
       Major Destruction |       |       |       |       |     1 ||     1
Evoke: Wand              |       |       |       |     4 |       ||     4
       Phial of floods   |       |       |       |       |     1 ||     1
  Use: Scroll            |       |       |    10 |     7 |     2 ||    19
       Potion            |       |       |       |     6 |     1 ||     7
 Stab: Sleeping          |    17 |    13 |    46 |    37 |    19 ||   132
       Confused          |       |     5 |    17 |    72 |    15 ||   109
       Distracted        |       |       |     1 |     4 |       ||     5
       Invisible         |       |       |       |     1 |     1 ||     2
  Eat: Royal jelly       |     1 |     1 |     3 |     6 |     2 ||    13
       Fruit             |       |       |     3 |       |       ||     3
Armor: Robe              |    28 |     1 |     3 |    15 |     1 ||    48
       Skin              |       |       |       |     9 |    15 ||    24
Dodge: Dodged            |   141 |    50 |   165 |   542 |   128 ||  1026

Table legend:
 A = Spawn XP
 B = Non-spawn XP
 C = Spawn XP percentage of total XP
 D = Spawn monster count
 E = Non-spawn monster count
 F = Spawn count percentage of total count
 G = Total turns spent on level
                    A         B        C        D         E        F      G
               +---------+---------+-------+---------+---------+-------+---------
         Total |       0 |   36582 |   0.0 |       0 |     396 |   0.0 | 22734
               +---------+---------+-------+---------+---------+-------+---------
           D:1 |       0 |      44 |   0.0 |       0 |      20 |   0.0 |   971
           D:2 |       0 |      57 |   0.0 |       0 |      21 |   0.0 |  1594
           D:3 |       0 |     232 |   0.0 |       0 |      17 |   0.0 |  1709
           D:4 |       0 |     752 |   0.0 |       0 |      19 |   0.0 |  1587
           D:5 |       0 |     554 |   0.0 |       0 |      17 |   0.0 |  2180
           D:6 |       0 |    1097 |   0.0 |       0 |      19 |   0.0 |  1346
           D:7 |       0 |    2091 |   0.0 |       0 |      30 |   0.0 |  1356
           D:8 |       0 |    3146 |   0.0 |       0 |      20 |   0.0 |  1097
           D:9 |       0 |    1655 |   0.0 |       0 |      39 |   0.0 |  1871
          D:10 |       0 |    2951 |   0.0 |       0 |      27 |   0.0 |  1628
          D:11 |       0 |    6327 |   0.0 |       0 |      63 |   0.0 |  2136
        Lair:1 |       0 |    2285 |   0.0 |       0 |      14 |   0.0 |   971
        Lair:2 |       0 |    4266 |   0.0 |       0 |      24 |   0.0 |  1866
        Lair:3 |       0 |    5240 |   0.0 |       0 |      32 |   0.0 |  1128
         IceCv |       0 |    5885 |   0.0 |       0 |      34 |   0.0 |  1294
               +---------+---------+-------+---------+---------+-------+---------
